 Dungeon Crawl Stone Soup version 0.32-a0-953-g508020473e (webtiles) character file.

Game seed: 13378833394087041499

4856 octoduck the Fighter (level 10, -2/85 HPs)
             Began as a Djinni Fire Elementalist on Apr 17, 2024.
             Was a Believer of Ashenzari.
             Slain by a hornet (15 damage)
             ... on level 8 of the Dungeon.
             The game lasted 00:27:42 (11167 turns).

octoduck the Fighter (Djinni Fire Elementalist)    Turns: 11167, Time: 00:27:43

Health: -2/85      AC:  5    Str:  7    XL:     10   Next: 78%
Gold:   255        EV: 11    Int: 23    God:    Ashenzari [**....] SH:  5 Dex: 15

rFire   + + .        b - +8 spear "Edoyn" {flame, *Noise rN++ Will+}
rCold   . . .        (no shield)
rNeg    + + .        B - +2 robe of Ashenzari's Chagrin {rC+, Elem, Range} (curse)
rPois   ∞            t - +0 hat "Share My Regret" {Int+3, Self, Melee} (curse)
rElec   .            (no cloak)
rCorr   .            o - +0 pair of gloves
SInv    +            (boots unavailable)
Will    ++...        A - amulet of Ashenzari's Anxiety {Reflect SH+5, Sorc, Self} (curse)
Stlth   ++           i - ring of wizardry
HPRegen 0.34/turn    (no ring)

%: reflection, wizardry (x1), infuse magic (-3 HP)
@: about to teleport, flying
A: sickness immunity, fire resistance 2, cold vulnerability 1, float, innate
caster, HP casting, extra vitality 1
a: Renounce Religion, Shatter the Chains


You were on level 8 of the Dungeon.
You worshipped Ashenzari.
Ashenzari was pleased with you.
You visited 2 branches of the dungeon, and saw 10 of its levels.
You also visited: Sewer.

You collected 422 gold pieces.
You spent 167 gold pieces at shops.

Inventory:

Hand Weapons
 b - the +8 spear "Edoyn" (weapon) {flame, *Noise rN++ Will+}
   (You found it on level 3 of the Dungeon)

   rN++:      It greatly protects you from negative energy.
   Will+:     It increases your willpower.
   *Noise:    It may make a loud noise when swung.
Missiles
 w - a curare-tipped dart
Armour
 c - a +1 leather armour of willpower
 o - a +0 pair of gloves (worn)
 t - the cursed +0 hat "Share My Regret" (worn) {Int+3, Self, Melee}
   (You bought it in a shop on level 4 of the Dungeon)

   It has a curse which improves the following skills: Introspection: Fighting
   and Spellcasting.
   Melee Combat: Short Blades, Long Blades, Axes, Maces & Flails, Polearms,
   Staves and Unarmed Combat.
 v - the +2 helmet of Ipiux {rF+ rN+ Str-5 Int+2}
   (You found it on level 5 of the Dungeon)

   Str-5:     It affects your strength (-5).
   Int+2:     It affects your intelligence (+2).
   rF+:       It protects you from fire.
   rN+:       It protects you from negative energy.
 B - the cursed +2 robe of Ashenzari's Chagrin (worn) {rC+, Elem, Range}
   (You took it off a wight on level 7 of the Dungeon)

   It has a curse which improves the following skills: Elements: Fire Magic, Ice
   Magic, Air Magic and Earth Magic.
   Ranged Combat: Ranged Weapons and Throwing.
Magical Staves
 u - the staff of Wurycraf {rPois rC+ Ice}
   (You found it on level 4 of the Dungeon)

   [staff of cold]

   Base accuracy: +5 Base damage: 5 Base attack delay: 1.2 This weapon's minimum
   attack delay (0.6) is reached at skill level 12.
   rC+:       It protects you from cold.
   rPois:     It protects you from poison.
   Ice:       It increases the power of your Ice spells.
   It falls into the 'Staves' category.
   It is a one-handed weapon.
Jewellery
 i - a ring of wizardry (left hand)
 A - the cursed amulet of Ashenzari's Anxiety (around neck) {Reflect SH+5, Sorc, Self}
   (You found it on level 7 of the Dungeon)

   [amulet of reflection]

   Reflect:   It reflects blocked missile attacks.
   SH+5:      It affects your SH (+5).
   It has a curse which improves the following skills: Sorcery: Conjurations and
   Alchemy.
   Introspection: Fighting and Spellcasting.
Wands
 p - a wand of acid (7)
 D - a wand of roots (10)
Scrolls
 e - 3 scrolls of torment
 f - a scroll of enchant weapon
 g - a scroll of poison
 l - a scroll of teleportation
 n - a scroll of butterflies
 s - 2 scrolls of enchant armour
 y - a scroll of noise
 C - a scroll of fog
Potions
 a - a potion of ambrosia
 d - 2 potions of attraction
 h - a potion of haste
 j - 2 potions of heal wounds
 k - 5 potions of curing
 m - 4 potions of enlightenment
 q - a potion of might
 r - 2 potions of invisibility
 x - a potion of berserk rage
 z - 4 potions of resistance


   Skills:
 + Level 10.9(12.6) Fighting
 - Level 2.1 Dodging
 - Level 1.5 Stealth
 + Level 8.8(10.6) Spellcasting
 + Level 8.8(10.0) Conjurations
 + Level 8.8 Hexes
 + Level 8.8 Summonings
 + Level 8.8 Necromancy
 + Level 8.8 Translocations
 + Level 8.8(10.0) Fire Magic
 + Level 8.8(10.0) Ice Magic
 + Level 8.8(10.0) Air Magic
 + Level 8.8(10.0) Earth Magic
 + Level 8.8(10.0) Alchemy


You knew the following spells:

 Your Spells              Type           Power      Damage    Failure   Level
a - Foxfire               Conj/Fire      100%       2x1d9     1%          1
b - Scorch                Fire           100%       2d9       1%          2
c - Sandblast             Erth           100%       2d20      1%          1
d - Inner Flame           Hex/Fire       54%        N/A       1%          3
e - Flame Wave            Conj/Fire      55%        2d13      1%          4
f - Volatile Blastmotes   Fire/Tloc      100%       2d18      1%          3
g - Momentum Strike       Conj/Tloc      100%       3d10      1%          2
h - Swiftness             Air            55%        N/A       1%          3
i - Leda's Liquefaction   Alch/Erth      27%        N/A       1%          4
Your spell library was empty.

Dungeon Overview and Level Annotations

Branches:
Dungeon (9/15)             Temple (1/1) D:4           Sewer (visited)
   Lair: D:8-11         Orc: D:9-12

Altars:
Ashenzari
Cheibriados
Dithmenos
Elyvilon
Fedhas
Gozag
Hepliaklqana
Makhleb
Nemelex Xobeh
Okawaru
Qazlal
Ru
Trog
Uskayaw
Wu Jian
Xom
Yredelemnul
Zin
The Shining One

Shops:
D:3 *   D:4 [   D:5 (


Innate Abilities, Weirdness & Mutations

You are immune to sickness and miasma.
You are immune to poison.
Your flesh is very heat resistant. (rF++)
You are vulnerable to cold. (rC-)
You float through the air rather than walking.
You learn spells naturally, not from books.
Your magical power is your life essence.
You have superior vitality. (+4 MHP)


Message History

The hornet stings you! The hornet stings you. x2
There is an open door, spattered with blood here.
Casting: Scorch (safe; 1% risk of failure)
Confirm with . or Enter, or press ? or * to list all spells.
Flames lash the hornet.
The hornet is lightly wounded.
The hornet's fire resistance burns away.
You hear a shout!
The hornet closely misses you. The hornet stings you!
The hornet closely misses you.
An electric eel comes into view.
Casting: Scorch (safe; 1% risk of failure)
Confirm with . or Enter, or press ? or * to list all spells.
A cloud of volatile blastmotes flares up around you!
Run!
The hornet stings you but does no damage.
The hornet stings you!
* * * LOW HITPOINT WARNING * * *
The hornet is no longer more vulnerable to fire.
The cloud of blastmotes explodes!
The concussive blast engulfs the hornet!
The hornet is moderately wounded.
The concussive blast engulfs you. You resist.
* * * LOW HITPOINT WARNING * * *
You are knocked back by the blast.
Things that are here:
a +0 ring mail; a +0 short sword; an orc skeleton
There is a stone staircase leading up here.
The hornet stings you.
* * * LOW HITPOINT WARNING * * *
You fly upwards.
There is a stone staircase leading down here.
As you read the scroll of teleportation, it crumbles to dust.
You feel strangely unstable.
The hornet stings you but does no damage.
The hornet misses you.
You puncture the hornet! You burn the hornet.
The hornet is severely wounded.
The hornet stings you!
You die...

#.#....###.#.........############
#.#....<.#.#....#.....)..........
#.#.#.##.#.########..............
#.#.#...##.........).............
#.#>###.########.....############
#.#.....# #....#....# #...#
#.##########.........# #...#
#...............y#..## #...#
###########.....@...# #...#
#.#######.## #...# #.#
#..######...# #.# #...........#
#.# #.########### ##.#######(#
#...#....#.# #.#.#.##.#.#
#.#.#.#....#


You could see a hornet.

Vanquished Creatures
  A hornet (D:8)
  A wyvern (D:8)
  4 yaks (D:9)
  A wraith (D:9)
  A steam dragon (D:6)
  2 ice beasts (D:6)
  A black bear (D:7)
  2 orc warriors
  A sky beast (D:8)
  2 ogres (D:5)
  5 centaurs
  3 kobold brigands
  4 bullfrogs (D:7)
  3 gnoll sergeants
  A scorpion (D:5)
  12 wights
  7 killer bees
  An electric eel (D:9)
  2 bombardier beetles
  3 orc priests
  3 hounds
  2 jellies
  A gnoll bouda (D:8)
  3 iguanas
  3 orc wizards
  17 gnolls
  A river rat (Sewer)
  6 adders
  2 white imps
  2 ufetubi (D:6)
  6 dart slugs
  4 ribbon worms
  18 orcs
  7 endoplasms
  6 giant cockroaches
  10 hobgoblins
  A jackal (Sewer)
  14 kobolds
  3 quokkas
  6 ball pythons
  4 bats
  3 frilled lizards
  17 goblins
  7 rats
203 creatures vanquished.

Vanquished Creatures (others)
  327 foxfires
327 creatures vanquished.

Grand Total: 530 creatures vanquished

Notes
Turn   | Place    | Note
-------+----------+-------------------------------------------
     0 | D:1      | octoduck the Djinni Fire Elementalist began the quest for
                  | the Orb.
     0 | D:1      | octoduck set off with the following spells memorised:
                  | Foxfire, Scorch, Volatile Blastmotes, Inner Flame, Flame
                  | Wave.
     0 | D:1      | Reached XP level 1. HP: 15/15 MP: 0/0
   221 | D:1      | Reached XP level 2. HP: 21/22 MP: 0/0
   240 | D:1      | Reached skill level 1 in Fighting
   745 | D:1      | Reached XP level 3. HP: 26/27 MP: 0/0
   745 | D:1      | Learned a level 1 spell: Sandblast
  1442 | D:2      | Reached skill level 2 in Fighting
  2087 | D:2      | Reached XP level 4. HP: 30/34 MP: 0/0
  2556 | D:3      | Reached XP level 5. HP: 35/40 MP: 0/0
  2556 | D:3      | Learned a level 2 spell: Momentum Strike
  2560 | D:3      | Reached skill level 3 in Fighting
  2629 | D:3      | Found Plog's Assorted Antiques.
  2633 | D:3      | Bought a scroll of identify for 46 gold pieces
  2746 | D:3      | Identified the +8 spear "Edoyn" {flame, *Noise rN++ Will+}
  2778 | D:3      | Found a faded altar of an unknown god.
  3200 | D:4      | Reached XP level 6. HP: 45/47 MP: 0/0
  3458 | D:4      | Found Xoiteo's Armour Emporium.
  3462 | D:4      | Bought a +0 hat of intelligence for 121 gold pieces
  3655 | D:4      | Found a staircase to the Ecumenical Temple.
  3660 | D:4      | Identified the staff of Wurycraf {rPois rC+ Ice}
  3668 | Temple   | Entered the Ecumenical Temple
  3681 | Temple   | Became a worshipper of Ashenzari the Shackled
  3726 | D:5      | Entered Level 5 of the Dungeon
  3872 | D:5      | Reached skill level 4 in Fighting
  3884 | D:5      | Noticed an ogre
  3893 | D:5      | Killed an ogre
  3944 | D:5      | Reached XP level 7. HP: 40/53 MP: 0/0
  3944 | D:5      | Learned a level 3 spell: Swiftness
  4018 | D:5      | Found a glowing drain.
  4134 | Sewer    | Entered a sewer
  4155 | Sewer    | Reached skill level 5 in Fighting
  4155 | Sewer    | Reached skill level 5 in Spellcasting
  4155 | Sewer    | Reached skill level 5 in Conjurations
  4155 | Sewer    | Reached skill level 5 in Hexes
  4155 | Sewer    | Reached skill level 5 in Summonings
  4155 | Sewer    | Reached skill level 5 in Necromancy
  4155 | Sewer    | Reached skill level 5 in Translocations
  4155 | Sewer    | Reached skill level 5 in Fire Magic
  4155 | Sewer    | Reached skill level 5 in Ice Magic
  4155 | Sewer    | Reached skill level 5 in Air Magic
  4155 | Sewer    | Reached skill level 5 in Earth Magic
  4155 | Sewer    | Reached skill level 5 in Alchemy
  4468 | Sewer    | Found a white marble altar of Elyvilon.
  4629 | D:5      | Identified the +2 helmet of Ipiux {rF+ rN+ Str-5 Int+2}
  5128 | D:5      | Found Myhaf's Weapon Shop.
  5520 | D:5      | Reached XP level 8. HP: 57/61 MP: 0/0
  5623 | D:6      | Reached skill level 6 in Fighting
  6324 | D:6      | Reached skill level 7 in Fighting
  6615 | D:7      | Reached XP level 9. HP: 65/70 MP: 0/0
  6615 | D:7      | Learned a level 4 spell: Leda's Liquefaction
  7044 | D:7      | Reached skill level 8 in Fighting
  8200 | D:8      | Reached skill level 9 in Fighting
  8718 | D:8      | Noticed a hornet
  8722 | D:8      | Reached XP level 10. HP: 44/80 MP: 0/0
  8989 | D:8      | Found an opulent altar of Gozag.
  8992 | D:8      | Found a hide-covered altar of Uskayaw.
  9010 | D:8      | Reached * piety under Ashenzari
  9660 | D:8      | Reached skill level 10 in Fighting
 10085 | D:8      | Reached ** piety under Ashenzari
 11167 | D:8      | Slain by a hornet

Illustrated notes

Levels and vault maps discovered:
D:1:      lightli_arrival_lavapool, layout_basic, minmay_misc_feat_x,
          minmay_tetromino_t2
D:2:      layout_basic, nicolae_concentric_dashed_squares_mild,
          hangedman_decor_points
D:3:      layout_basic, basic_ecumenical_altar, serial_shops,
          nicolae_shop_just_a_little_nook
D:4:      layout_basic, temple_statues, serial_shops, shop, patterned_corridor
D:5:      layout_basic, gup_sewer_entry_glass, serial_shops,
          nicolae_shop_real_fake_doors, minmay_ogre_servants
D:6:      layout_loops_cross
D:7:      minmay_evil_eye, layout_basic, kennysheep_another_room, st_stairs_11
D:8:      layout_basic, grunt_temple_overflow_open, serial_co_window_serial,
          co_window_corner_a, co_window_corner_a, co_window_paths_a,
          co_window_paths_b, co_window_corner_a, co_window_of_opportunity_b,
          co_window_2corner, co_window_corner_cb, co_window_of_opportunity_c,
          co_window_2corner, co_window_cross_2, co_window_cross_3,
          glass_columns_a, glass_columns_b, glass_columns_b
D:9:      layout_basic
Temple:   nicolae_temple_bog_church

Skill      XL: |  1  2  3  4  5  6  7  8  9 10 |
---------------+-------------------------------+-----
Fighting       | 1 2 3 4 5 7 9 10 | 10.9
Spellcasting   | 4 5 6 7 8 |  8.8
Conjurations   | 4 5 6 7 8 |  8.8
Hexes          | 4 5 6 7 8 |  8.8
Summonings     | 4 5 6 7 8 |  8.8
Necromancy     | 4 5 6 7 8 |  8.8
Translocations | 4 5 6 7 8 |  8.8
Fire Magic     | 4 5 6 7 8 |  8.8
Ice Magic      | 4 5 6 7 8 |  8.8
Air Magic      | 4 5 6 7 8 |  8.8
Earth Magic    | 4 5 6 7 8 |  8.8
Alchemy        | 4 5 6 7 8 |  8.8
Dodging        | |  2.1
Stealth        | |  1.5

Action                     |  1- 3 |  4- 6 |  7- 9 | 10-12 || total
---------------------------+-------+-------+-------+-------++-------
  Melee: Spear             |       |     1 |    13 |     5 ||    19
   Cast: Foxfire           |    51 |    46 |    81 |    22 ||   200
         Scorch            |    16 |    12 |    17 |    13 ||    58
         Sandblast         |     2 |     3 |     4 |       ||     9
         Volatile Blastmot |       |     6 |    52 |    22 ||    80
         Inner Flame       |       |       |    12 |    10 ||    22
         Flame Wave        |       |       |       |     3 ||     3
 Invoke: Curse Item        |       |       |     1 |     2 ||     3
    Use: Scroll            |     1 |     4 |     6 |     1 ||    12
         Potion            |       |       |       |     2 ||     2
 Armour: Leather armour    |    17 |     9 |    46 |       ||    72
         Robe              |       |       |    25 |    50 ||    75
  Dodge: Dodged            |    16 |    20 |    39 |    22 ||    97
  Block: Other             |       |       |     5 |     9 ||    14
         Reflection        |       |       |     1 |     1 ||     2

Table legend: (Time is in decaauts)
 A = Elapsed time spent in this place.
 B = Non-inter-level travel time spent in this place.
 C = Inter-level travel time spent in this place.
 D = Time resting spent in this place.
 E = Time spent auto-exploring this place.
 F = Levels seen in this place.
 G = Mean time per level.
                   A        B        C        D        E       F      G
               +--------+--------+--------+--------+--------+-----+--------+
         Total |  11170 |  10680 |    490 |   2841 |   5833 |  11 | 1015.5 |
       Dungeon |  10773 |  10307 |    466 |   2637 |   5763 |   9 | 1197.0 |
        Temple |     26 |      2 |     24 |      0 |      0 |   1 |   26.0 |
         Sewer |    370 |    370 |      0 |    204 |     70 |   1 |  370.0 |
               +--------+--------+--------+--------+--------+-----+--------+

Top non-repeatable levels by time:
     D:8: 2265 daAuts
     D:7: 1917 daAuts
     D:5: 1479 daAuts
     D:1: 1400 daAuts
     D:2: 1121 daAuts
     D:6: 871 daAuts
     D:4: 676 daAuts
     D:9: 540 daAuts
     D:3: 501 daAuts
   Sewer: 370 daAuts
  Temple: 26 daAuts
